 Dungeon Crawl Stone Soup version 0.30-a0-715-gdb4ae3ece1 (webtiles) character file.

Game seed: 4784029773565553362

9 mopl the Sneak (level 2, -5/27 HPs)
             Began as a Minotaur Delver on Jan 24, 2023.
             Slain by an iguana (12 damage)
             ... on level 3 of the Dungeon.
             The game lasted 00:00:41 (175 turns).

mopl the Sneak (Minotaur Delver)                     Turns: 175, Time: 00:00:41

Health: -5/27      AC:  4    Str: 16    XL:     2   Next: 3%
Magic:  1/1        EV: 12    Int:  7    God:
Gold:   31         SH:  0    Dex: 11    Spells: 1/1 levels left

rFire   . . .      SeeInvis .    a - +0 hand axe
rCold   . . .      Faith    .    (no shield)
rNeg    . . .      Spirit   .    b - +0 leather armour
rPois   .          Reflect  .    (helmet restricted)
rElec   .          Harm     .    h - +0 cloak
rCorr   .          Rampage  .    (no gloves)
Will    .....                    (no boots)
Stlth   ++                       (no amulet)
HPRegen 0.24/turn                (no ring)
MPRegen 0.07/turn                (no ring)

@: no status effects
A: horns 2, retaliatory headbutt
a: no special abilities


You were on level 3 of the Dungeon.
You visited 1 branch of the dungeon, and saw 3 of its levels.

You collected 31 gold pieces.

Inventory:

Hand Weapons
 a - a +0 hand axe (weapon)
Armour
 b - a +0 leather armour (worn)
 h - a +0 cloak (worn)
Wands
 g - a wand of digging (3)
Scrolls
 c - a scroll of fog
 d - a scroll of magic mapping
 e - a scroll of fear
Potions
 f - a potion of haste


   Skills:
 + Level 3.8 Fighting
 * Level 2.8 Axes
 + Level 0.7 Armour
 + Level 2.3 Dodging
 - Level 4.1 Stealth


You had one spell level left.
You didn't know any spells.
Your spell library contained the following spells:

 Spells                   Type           Power      Damage    Failure   Level
 Apportation              Tloc           0%         N/A       50%         1
 Necrotise                Necr           0%         1d4       50%         1
 Summon Small Mammal      Summ           0%         N/A       50%         1


Dungeon Overview and Level Annotations

Branches:
Dungeon (5/15)
 Temple: D:4-7

Altars:

Annotations:
D:4 Sigmund


Innate Abilities, Weirdness & Mutations

You have a pair of horns on your head.
You reflexively headbutt those who attack you in melee.


Message History

You climb upwards.
There is a stone staircase leading down here.
You hit the iguana. You headbutt the iguana.
The iguana is moderately wounded.
The iguana bites you.
You barely miss the iguana.
You headbutt the iguana, but do no damage.
The iguana is moderately wounded.
The iguana closely misses you.
You closely miss the iguana.
The iguana is moderately wounded.
The iguana barely misses you.
You completely miss the iguana.
The iguana is moderately wounded.
The iguana bites you.
You hit the iguana.
You headbutt the iguana, but do no damage.
The iguana is heavily wounded.
The iguana bites you. The iguana closely misses you. You furiously retaliate!
You headbutt the iguana, but do no damage.
You are too injured to fight recklessly!
You are too injured to fight recklessly!
You hit the iguana.
The iguana is heavily wounded.
The iguana bites you.
* * * LOW HITPOINT WARNING * * *
You barely miss the iguana.
You headbutt the iguana, but do no damage.
The iguana is heavily wounded.
The iguana bites you.
* * * LOW HITPOINT WARNING * * *
You closely miss the iguana.
You headbutt the iguana, but do no damage.
The iguana is heavily wounded.
The iguana closely misses you. You furiously retaliate!
You headbutt the iguana. You barely miss the iguana.
The iguana is severely wounded.
The iguana bites you!
You die...

#.. #.#
#.# #.#
#.# .
#.# ...
#l##...#
#@....#
#####.#


You could see an iguana.

Vanquished Creatures
  A dart slug (D:4)
  2 endoplasms (D:4)
  2 hobgoblins (D:4)
  A kobold (D:4)
6 creatures vanquished.

Notes
Turn   | Place    | Note
-------+----------+-------------------------------------------
     0 | D:5      | mopl the Minotaur Delver began the quest for the Orb.
     0 | D:5      | Reached XP level 1. HP: 19/19 MP: 0/0
   123 | D:4      | Reached XP level 2. HP: 23/27 MP: 1/1
   160 | D:4      | Noticed Sigmund
   175 | D:3      | Slain by an iguana

Illustrated notes

Levels and vault maps discovered:
D:3:      cheibrodos_thug_alley, layout_basic, mainiacjoe_overflow_boulevard,
          shapermc_ecumenical_altar_acropolis, uniq_grinder
D:4:      layout_layer_cave, nicolae_sif_muna_condensation,
          minmay_temple_entry_metal_lava, uniq_sigmund, uniq_duvessa
D:5:      layout_loops_cross, lemuel_doored_altar, minmay_chambers_of_fives

Action                     || total
---------------------------++-------
  Melee: Hand axe          ||    17
         Headbutt          ||    10
 Armour: Leather armour    ||     1
  Dodge: Dodged            ||     8

Table legend: (Time is in decaauts)
 A = Elapsed time spent in this place.
 B = Non-inter-level travel time spent in this place.
 C = Inter-level travel time spent in this place.
 D = Time resting spent in this place.
 E = Time spent auto-exploring this place.
 F = Levels seen in this place.
 G = Mean time per level.
                   A        B        C        D        E       F      G
               +--------+--------+--------+--------+--------+-----+--------+
         Total |    177 |    157 |     20 |      0 |     71 |   3 |   59.0 |
       Dungeon |    177 |    157 |     20 |      0 |     71 |   3 |   59.0 |
               +--------+--------+--------+--------+--------+-----+--------+

Top non-repeatable levels by time:
     D:4: 157 daAuts
     D:5: 10 daAuts
     D:3: 10 daAuts
